 Dungeon Crawl Stone Soup version 0.30-a0-358-g0d69a1922f (webtiles) character file.

Game seed: 6377594813017977557

574896 KennySheep the Invulnerable (level 27, -6/176 (186) HPs)
             Began as a Tengu Hunter on Nov 8, 2022.
             Was the Champion of the Shining One.
             Killed from afar by a wendigo (19 damage)
             ... with a seracfall
             ... on level 3 of Cocytus on Nov 9, 2022.
             The game lasted 04:07:58 (68259 turns).

KennySheep the Invulnerable (Tengu Hunter)         Turns: 68259, Time: 04:07:59

HP:   -6/176 (186)  AC: 37    Str: 20    XL:     27
MP:   34/34         EV: 43    Int: 14    God:    the Shining One [******]
Gold: 5957          SH:  0    Dex: 42    Spells: 23/26 levels left

rFire   + + .      SeeInvis .    a - +10 arbalest of Sysismie {penet, Str+4}
rCold   + + +      Faith    .    (shield currently unavailable)
rNeg    + + +      Spirit   .    f - +9 ice dragon scales
rPois   +          Reflect  .    (helmet restricted)
rElec   +          Harm     .    N - +2 cloak of Rucig {rElec rPois Will+}
rCorr   +          Rampage  .    U - +2 pair of gloves "Zakoyd" {rF+ Dex+6}
Will    ++++.      Rage     3%   (boots unavailable)
Stlth   +++.......               W - macabre finger necklace {rN+}
HPRegen 0.49/turn                r - ring "Urautu" {rN+ Will+ rCorr Int+3}
MPRegen 0.24/turn                x - ring "Coybuis" {rN+ Str+2 Dex+8}
                                 s - ring "Zedwy" {rElec rF+ rC+ rN+}

@: flying quickly and evasively, glowing, studying Polearms, drained, unable to
drink, quick
A: beak, talons 3, nimble flight, berserk 1, fire resistance 1
}: 3/15 runes: serpentine, barnacled, silver
a: Renounce Religion, Divine Shield, Cleansing Flame, Summon Divine Warrior,
Brand Weapon With Holy Wrath


You were on level 3 of Cocytus.
You worshipped the Shining One.
The Shining One was exalted by your worship.
You visited 13 branches of the dungeon, and saw 51 of its levels.
You also visited: Ice Cave and Wizlab.

You collected 9709 gold pieces.
You spent 3752 gold pieces at shops.

Inventory:

Hand Weapons
 a - the +10 arbalest of Sysismie (weapon) {penet, Str+4}
   (You took it off a deep elf archer on level 1 of the Elven Halls)

   Any ammunition fired by it passes through the targets it hits, potentially
   hitting all targets in its path until it reaches maximum range.
   Str:       It affects your strength (+4).
 b - the +7 arbalest of the Secret Runes {flame, rElec rF++ Str-4 Dex+4}
   (You acquired it on level 1 of the Tomb of the Ancients)

   Any ammunition fired from it burns those it strikes, dealing additional fire
   damage.
   Str:       It affects your strength (-4).
   Dex:       It affects your dexterity (+4).
   rF:        It greatly protects you from fire.
   rElec:     It insulates you from electricity.
 I - a +8 quick blade of draining
Missiles
 k - 6 throwing nets
Armour
 f - +9 ice dragon scales (worn)
 N - the +2 cloak of Rucig (worn) {rElec rPois Will+}
   (You bought it in a shop on level 2 of the Orcish Mines)

   rElec:     It insulates you from electricity.
   rPois:     It protects you from poison.
   Will:      It increases your willpower.
 U - the +2 pair of gloves "Zakoyd" (worn) {rF+ Dex+6}
   (You acquired it on level 15 of the Dungeon)

   Dex:       It affects your dexterity (+6).
   rF:        It protects you from fire.
Jewellery
 c - the ring of Shadows {Umbra +Inv Stlth+}
   (You found it on level 3 of the Vaults)

   [ring of stealth]

   It surrounds you with an aura of shadow, increasing your stealth and reducing
   the accuracy of all others within it.
   +Inv:      It lets you turn invisible.
   Stlth:     It makes you more stealthy.
 r - the ring "Urautu" (left hand) {rN+ Will+ rCorr Int+3}
   (You found it on level 5 of the Vaults)

   [ring of positive energy]

   Int:       It affects your intelligence (+3).
   rN:        It protects you from negative energy.
   rCorr:     It protects you from acid and corrosion.
   Will:      It increases your willpower.
 s - the ring "Zedwy" (on amulet) {rElec rF+ rC+ rN+}
   (You found it on level 3 of the Crypt)

   [ring of positive energy]

   rF:        It protects you from fire.
   rC:        It protects you from cold.
   rElec:     It insulates you from electricity.
   rN:        It protects you from negative energy.
 x - the ring "Coybuis" (right hand) {rN+ Str+2 Dex+8}
   (You found it on level 3 of the Crypt)

   [ring of positive energy]

   Str:       It affects your strength (+2).
   Dex:       It affects your dexterity (+8).
   rN:        It protects you from negative energy.
 A - the ring of the Gloaming {rF+ MP+9 SInv}
   (You took it off a deep elf master archer on level 3 of the Elven Halls)

   [ring of protection from fire]

   rF:        It protects you from fire.
   MP:        It affects your magic capacity (+9).
   SInv:      It lets you see invisible.
 W - the macabre finger necklace (around neck) {rN+}
   (You took it off a deep elf zephyrmancer on level 2 of the Elven Halls)

   [amulet of nothing]

   It enables you to equip an extra ring.
   rN:        It protects you from negative energy.
Wands
 e - a wand of flame (73)
 u - a wand of paralysis (33)
 v - a wand of roots (32)
 y - a wand of mindburst (17)
 J - a wand of quicksilver (39)
 K - a wand of digging (22)
 P - a wand of polymorph (20)
Scrolls
 d - 11 scrolls of poison
 g - 7 scrolls of magic mapping
 h - 3 scrolls of brand weapon
 j - 10 scrolls of amnesia
 l - a scroll of enchant armour
 m - 6 scrolls of silence
 n - 11 scrolls of fog
 p - 17 scrolls of teleportation
 D - 15 scrolls of immolation
 E - a scroll of enchant weapon
 F - 7 scrolls of fear
 R - 2 scrolls of summoning
Potions
 i - 5 potions of heal wounds
 o - 2 potions of resistance
 q - 4 potions of might
 t - 20 potions of curing
 w - 6 potions of brilliance
 z - 12 potions of mutation
 C - 5 potions of haste
 G - 9 potions of cancellation
 H - 3 potions of magic
 L - 5 potions of berserk rage
 Y - 4 potions of invisibility
 Z - 5 potions of ambrosia
Miscellaneous
 V - a phantom mirror


   Skills:
 * Level 22.9 Fighting
 - Level 7.7 Short Blades
 + Level 21.9 Ranged Weapons
 O Level 27 Armour
 + Level 19.4 Dodging
 * Level 19.5 Stealth
 - Level 13.3 Invocations
 - Level 0.2 Evocations


You had 23 spell levels left.
You knew the following spells:

 Your Spells              Type           Power      Damage    Failure   Level
a - Portal Projectile     Hex/Tloc       0%         N/A       82%         3

Your spell library contained the following spells:

 Spells                   Type           Power      Damage    Failure   Level
 Apportation              Tloc           0%         N/A       43%         1
 Foxfire                  Conj/Fire      0%         2x1d4     43%         1
 Magic Dart               Conj           0%         1d3       43%         1
 Necrotise                Necr           0%         1d4       43%         1
 Summon Small Mammal      Summ           0%         N/A       43%         1
 Call Imp                 Summ           0%         N/A       58%         2
 Cigotuvi's Dreadful Rot  Necr/Pois/Air  0%         N/A       58%         2
 Ensorcelled Hibernation  Hex/Ice        0%         N/A       58%         2
 Momentum Strike          Conj/Tloc      0%         3d8       58%         2
 Passwall                 Tmut/Erth      0%         N/A       58%         2
 Poisonous Vapours        Pois/Air       0%         N/A       58%         2
 Scorch                   Fire           0%         2d5       58%         2
 Searing Ray              Conj           0%         2d4       58%         2
 Static Discharge         Conj/Air       0%         2-2/arc   58%         2
 Sublimation of Blood     Necr           0%         N/A       58%         2
 Wereblood                Tmut           0%         N/A       58%         2
 Call Canine Familiar     Summ           0%         N/A       82%         3
 Dazzling Flash           Conj/Hex       0%         N/A       82%         3
 Frozen Ramparts          Ice            0%         1d1       82%         3
 Gell's Gravitas          Tloc           0%         N/A       82%         3
 Hailstorm                Conj/Ice       0%         3d3       82%         3
 Ignite Poison            Fire/Tmut/Pois 0%         N/A       82%         3
 Inner Flame              Hex/Fire       0%         N/A       82%         3
 Kindle Blastsparks       Fire/Tloc/Air  0%         2d10      82%         3
 Lesser Beckoning         Tloc           0%         N/A       82%         3
 Mephitic Cloud           Conj/Pois/Air  0%         N/A       82%         3
 Ozocubu's Armour         Ice            0%         N/A       82%         3
 Spider Form              Tmut/Pois      0%         N/A       82%         3
 Stone Arrow              Conj/Erth      0%         3d7       82%         3
 Summon Guardian Golem    Hex/Summ       0%         N/A       82%         3
 Swiftness                Air            0%         N/A       82%         3
 Teleport Other           Tloc           0%         N/A       82%         3
 Vhi's Electric Charge    Tloc/Air       0%         N/A       82%         3
 Airstrike                Air            0%         2d(0-16)  99%         4
 Anguish                  Hex/Necr       0%         N/A       99%         4
 Animate Armour           Summ/Erth      0%         N/A       99%         4
 Animate Dead             Necr           0%         N/A       99%         4
 Flame Wave               Conj/Fire      0%         2d4       99%         4
 Fulminant Prism          Conj/Hex       0%         3d5       99%         4
 Ice Form                 Ice/Tmut       0%         N/A       99%         4
 Iskenderun's Mystic Bla  Conj/Tloc      0%         2d3       99%         4
 Leda's Liquefaction      Hex/Erth       0%         N/A       99%         4
 Petrify                  Tmut/Erth      0%         N/A       99%         4
 Sticky Flame             Conj/Fire      0%         2d3       99%         4
 Summon Ice Beast         Ice/Summ       0%         N/A       99%         4
 Summon Lightning Spire   Summ/Air       0%         N/A       99%         4
 Agony                    Necr           0%         N/A       100%        5
 Alistair's Intoxication  Tmut/Pois      0%         N/A       100%        5
 Arcjolt                  Conj/Air       0%         1d10      100%        5
 Borgnjor's Vile Clutch   Necr/Erth      0%         N/A       100%        5
 Fireball                 Conj/Fire      0%         3d3       100%        5
 Irradiate                Conj/Tmut      0%         3d11      100%        5
 Iskenderun's Battlesphe  Conj           0%         2d6       100%        5
 Lightning Bolt           Conj/Air       0%         1d11      100%        5
 Metabolic Englaciation   Hex/Ice        0%         N/A       100%        5
 Silence                  Hex/Air        0%         N/A       100%        5
 Summon Forest            Summ/Tloc      0%         N/A       100%        5
 Summon Mana Viper        Hex/Summ       0%         N/A       100%        5
 Conjure Ball Lightning   Conj/Air       0%         3x3d7     100%        6
 Death Channel            Necr           0%         N/A       100%        6
 Eringya's Noxious Bog    Tmut/Pois      0%         N/A       100%        6
 Iron Shot                Conj/Erth      0%         9d1       100%        6
 Simulacrum               Ice/Necr       0%         N/A       100%        6
 Starburst                Conj/Fire      0%         6d3       100%        6
 Summon Cactus Giant      Summ           0%         N/A       100%        6
 Enfeeble                 Hex            0%         N/A       100%        7
 Haunt                    Necr/Summ      0%         N/A       100%        7
 Malign Gateway           Summ/Tloc      0%         N/A       100%        7
 Monstrous Menagerie      Summ           0%         N/A       100%        7
 Orb of Destruction       Conj           0%         9d5       100%        7
 Spellforged Servitor     Conj/Summ      0%         N/A       100%        7
 Summon Hydra             Summ           0%         N/A       100%        7
 Discord                  Hex            0%         N/A       100%        8
 Disjunction              Tloc           0%         N/A       100%        8
 Ignition                 Fire           0%         3d3       100%        8
 Lehudib's Crystal Spear  Conj/Erth      0%         10d2      100%        8
 Maxwell's Capacitive Co  Air            0%         ∞         100%        8
 Chain Lightning          Conj/Air       0%         N/A       100%        9
 Death's Door             Necr           0%         N/A       100%        9
 Fire Storm               Conj/Fire      0%         5d1       100%        9
 Polar Vortex             Ice            0%         N/A       100%        9
 Shatter                  Erth           0%         3d5*      100%        9


Dungeon Overview and Level Annotations

Branches:
Dungeon (15/15)            Temple (0/1) D:6            Lair (5/5) D:11
 Shoals (4/4) Lair:3        Snake (4/4) Lair:3        Slime (0/5) Lair:4
    Orc (2/2) D:10            Elf (3/3) Orc:2        Vaults (5/5) D:14
  Crypt (3/3) Vaults:3       Tomb (1/3) Crypt:3      Depths (4/4) D:15
   Hell (visited)             Dis (0/7) Hell            Geh (0/7) Hell
    Coc (3/7) Hell            Tar (0/7) Hell            Zot (1/5) Depths:4
  IceCv (visited)          WizLab (visited)

Altars:
Elyvilon
Fedhas
Gozag
Hepliaklqana
Kikubaaqudgha
Makhleb
Nemelex Xobeh
Sif Muna
Trog
Vehumet
Yredelemnul
Zin
The Shining One
Jiyva

Shops:
D:2 ?   D:5 [   D:13 =   D:15 (   Orc:2 [*(*   Elf:1 :   Elf:2 *   Elf:3 =
Shoals:2 (   Shoals:4 !   Snake:1 (*(   Snake:4 (   Depths:1 *

Portals:
Hell: Depths:1 Depths:2 Depths:3 Depths:4
Abyss: Depths:1 Depths:3
Pandemonium: Depths:2
Ziggurat: Depths:1
Trove: D:14 (show slimy rune of Zot)

Annotations:
Lair:2 exclusion: 2 oklob plants
Lair:3 2 transporters, Luafex's ghost, journeyman MiBe
Orc:2 exclusion: door
Elf:2 3 runed translucent doors


Innate Abilities, Weirdness & Mutations

You have a beak for a mouth.
You have claws for feet.
Your magical nature lets you fly swiftly and evasively.
You sometimes lose your temper in combat.
Your flesh is heat resistant. (rF+)


Message History

The reaper is wielding a +2 scythe of venom.
The reaper completely misses you. The reaper completely misses you.
An Ice Fiend comes into view.
A stone giant simulacrum comes into view.
Okay, then.
The Ice Fiend gestures at you. The bolt of cold misses you.
The Ice Fiend calls on the powers of darkness!
Your body is wracked with pain!
* * * LOW HITPOINT WARNING * * *
It's too cold; everything's frozen solid!
Unknown command.
The anaconda simulacrum attacks as you move away!
The anaconda simulacrum completely misses you. x2
The Ice Fiend calls on the powers of darkness!
Your body is wracked with pain!
* * * LOW HITPOINT WARNING * * *
As you read the scroll of summoning, it crumbles to dust.
Wisps of shadow whirl around you...
The anaconda simulacrum closely misses you.
The anaconda simulacrum completely misses you.
A tormentor comes into view.
The anaconda simulacrum completely misses you. x2
The Ice Fiend gestures at you.
The bolt of cold hits the wendigo.
The wendigo completely resists.
The bolt of cold hits the nargun.
The nargun completely resists.
The bolt of cold hits the anaconda simulacrum.
The anaconda simulacrum completely resists.
The bolt of cold misses you. The bolt of cold hits your titan!!!
You swap places.
The tormentor says, "I know your fate.
It's pain."
The tormentor calls on the powers of darkness!
Your body is wracked with pain!
* * * LOW HITPOINT WARNING * * *
Your titan convulses!
The wendigo gestures.
The anaconda simulacrum collapses into a mass of ice!
The mass of ice explodes!
The seracfall engulfs you!! You partially resist.
You die...

###....# #......#
#...§..# #
######.§§§..###### ≈##≈
#≈≈≈≈.§§§§§.≈..≈#≈ ≈≈≈≈≈
#.≈≈≈≈§§§§§≈≈≈.#≈≈
≈#≈≈≈.#.≈≈≈≈§§§...≈..#~≈
≈≈≈≈≈..@☼≈≈...2.......W~
≈≈≈≈.^..C.9R##1.Z#.#..~∩
≈≈......9###1#.#...#.≈.≈
#≈....###.....###2Z#≈≈≈≈
≈≈≈≈.##.1####.2Z.#...≈#≈
#≈##.#. #.Z#.#2.≈°≈# # #
.#..#....≈≈# .
#Z#.#≈≈≈≈≈ >. ...#Z≈≈≈≈


You could see 2 Ice Fiends, a wendigo, a nargun, a tormentor, a friendly titan
(summoned) and a friendly nargun (summoned).

Vanquished Creatures
  2 ancient liches (Vaults:5)
  A juggernaut (Depths:3)
  2 royal mummies (Tomb:1)
  Sojobo (Vaults:2)
  Bai Suzhen (Crypt:1)
  2 caustic shrikes (Depths:2)
  6 golden dragons
  A profane servitor (Crypt:3)
  Jory (Depths:4)
  A bone dragon (Crypt:3)
  Nikola (D:14)
  Geryon (Hell)
  4 tentacled monstrosities
  A hellephant (Vaults:5)
  A walking crystal tome (Depths:3)
  Asterion (Snake:1)
  A tainted leviathan (Hell)
  7 liches
  9 titans
  2 deep elf blademasters (Elf:3)
  2 quicksilver dragons
  2 deep elf master archers (Elf:3)
  2 krakens
  A death cob (Zot:1)
  An acid blob (shapeshifter) (Depths:3)
  17 sphinxes
  6 shadow dragons
  Agnes (Elf:2)
  2 ancient champions
  12 tengu reavers
  The ghost of Mecsish the Tortoise, an adept AtWn of Uskayaw (Shoals:3)
  Donald (Elf:2)
  An azure jelly (shapeshifter) (Vaults:5)
  3 nagarajas (Snake:4)
  5 storm dragons
  An azure jelly (Vaults:5)
  4 revenants
  7 deep elf sorcerers
  Aizul (Snake:4)
  3 balrugs (Hell)
  Louise (Depths:1)
  An emperor scorpion (shapeshifter) (D:14)
  A fenstrider witch (Vaults:5)
  A draconian scorcher (Zot:1)
  An iron dragon (Depths:4)
  14 frost giants
  A caustic shrike zombie (Crypt:3)
  An emperor scorpion (Vaults:5)
  6 fire giants
  A juggernaut zombie (Depths:2)
  A cacodemon (Depths:1)
  An angel (Depths:1)
  3 curse skulls
  11 ghouls
  11 vault wardens
  4 war gargoyles
  3 draconian stormcallers
  2 orc warlords
  2 spriggan defenders (Depths:2)
  5 reapers (Hell)
  A broodmother (Vaults:5)
  17 ironbound preservers
  13 stone giants
  4 deep elf elementalists (Elf:3)
  A juggernaut skeleton (Crypt:1)
  2 bennus (Tomb:1)
  7 ironbound thunderhulks
  12 very ugly things
  A stone giant (shapeshifter) (Vaults:5)
  10 deep elf demonologists
  5 vampire knights
  2 lorocyprocas (Depths:1)
  A green draconian (Zot:1)
  An eleionoma (Vaults:5)
  4 elemental wellsprings
  4 black draconians
  3 wendigos
  15 dire elephants
  2 yellow draconians (Depths:4)
  2 putrid mouths (Hell)
  Azrael (D:13)
  12 purple draconians
  3 white draconians
  Snorg (Lair:5)
  6 deep elf annihilators (Elf:3)
  9 ettins
  2 red draconians
  4 merfolk javelineers
  11 statues
  2 blizzard demons
  11 eidola (Crypt:3)
  8 deep elf death magi
  A quicksilver dragon zombie (Crypt:3)
  3 crystal guardians
  8 fire dragons
  4 deep elf high priests
  8 mummy priests
  12 yaktaur captains
  9 merfolk impalers
  2 jiangshi (Crypt:1)
  An entropy weaver (Vaults:1)
  7 great orbs of eyes
  11 ice dragons
  2 fenstrider witch zombies
  20 vault guards
  9 rakshasas
  7 hydras
  2 catoblepae
  10 ironbound frosthearts
  6 salamander tyrants
  A caustic shrike simulacrum (Coc:2)
  5 peacekeepers
  4 hell beasts (Hell)
  A spriggan skeleton (Crypt:1)
  4 spriggan air magi
  A merfolk avatar (Shoals:3)
  An Orb Guardian zombie (Crypt:2)
  16 centaur warriors
  3 alligator snapping turtles
  5 death knights
  3 merfolk aquamancers
  A radroach (Vaults:5)
  17 dancing weapons
  11 anacondas
  2 ogre magi (Vaults:5)
  12 two-headed ogres
  8 death yaks
  5 satyrs
  An alligator snapping turtle (shapeshifter) (Depths:1)
  11 tengu warriors
  5 boulder beetles
  An alligator (Vaults:5)
  9 naga warriors
  7 hell hogs
  5 deep troll shamans
  6 deep troll earth magi
  7 spriggan berserkers
  5 vampire magi
  5 shock serpents
  10 naga sharpshooters
  Urug (Lair:1)
  2 titan zombies (Crypt:3)
  10 hell knights
  4 orc high priests (Orc:2)
  A storm dragon zombie (Hell)
  A titan skeleton (Crypt:1)
  21 deep elf knights
  27 sun demons
  7 soul eaters
  17 skeletal warriors
  4 large abominations (Depths:3)
  8 sea snakes
  2 sixfirhies
  A death drake (Vaults:3)
  A fire crab (Lair:5)
  8 glowing orange brains
  A bunyip zombie (Hell)
  65 deep trolls
  10 flayed ghosts
  An anaconda zombie (Crypt:3)
  4 iron trolls
  A swamp dragon (Vaults:5)
  A goliath frog (shapeshifter) (Elf:3)
  An orb spider (Vaults:5)
  3 naga ritualists
  12 deep elf archers
  2 spriggan simulacra
  2 bog bodies (Crypt:2)
  A shadow dragon zombie (Depths:1)
  2 fenstrider witch simulacra
  20 necromancers
  14 ironbound convokers
  12 orc knights
  17 harpies
  A jorogumo zombie (Crypt:2)
  13 wizards
  27 deep elf zephyrmancers
  8 lindwurms
  A mana viper (shapeshifter) (D:13)
  2 stone giant zombies (Crypt:3)
  16 phantasmal warriors
  7 salamanders
  11 mana vipers
  37 ugly things
  A sphinx skeleton (Depths:1)
  44 deep elf pyromancers
  10 orc sorcerers
  A salamander (shapeshifter) (Elf:1)
  7 cyclopes
  A manticore (shapeshifter) (Depths:2)
  A shining eye (Vaults:3)
  A frost giant zombie (Depths:1)
  3 wolf spiders
  10 manticores
  5 elephants
  6 fauns
  A black mamba (shapeshifter) (Elf:1)
  5 water nymphs
  Maurice (D:13)
  2 dire elephant zombies (Crypt:3)
  3 merfolk sirens
  A guardian serpent (shapeshifter) (Elf:1)
  6 molten gargoyles (Hell)
  3 ice statues (IceCv)
  Joseph (D:7)
  A stone giant skeleton (Crypt:1)
  A frost giant skeleton (Crypt:1)
  17 vault sentinels
  30 black mambas
  3 gargoyles
  7 guardian serpents
  4 centaur zombies
  2 torpor snails (Lair:5)
  2 orange demons
  6 smoke demons
  13 naga magi
  15 cane toads
  3 centaur skeletons
  38 yaktaurs
  3 unseen horrors
  3 komodo dragons
  2 kobold demonologists
  A komodo dragon (shapeshifter) (Elf:3)
  Psyche (D:11)
  2 bunyip simulacra (Coc:1)
  25 tengu conjurers
  2 hellions
  A dire elephant skeleton (Hell)
  2 tormentors (Coc:3)
  5 rime drakes
  2 ice devils
  6 guardian mummies
  8 freezing wraiths
  A hellwing (Depths:1)
  An iron giant simulacrum (Coc:2)
  A black draconian skeleton (Crypt:2)
  2 human zombies (Vaults:2)
  A hydra zombie (Crypt:1)
  A red devil (Hell)
  2 harpy zombies (Crypt:3)
  A queen bee (shapeshifter) (Elf:2)
  A queen bee (Lair:2)
  A moth of wrath zombie (Crypt:2)
  7 polar bears
  11 trolls
  29 merfolk
  8 wind drakes
  3 raiju (Lair:5)
  43 slime creatures
  A hydra skeleton (Crypt:1)
  A harpy skeleton (D:15)
  A shadow dragon simulacrum (Coc:2)
  2 hornets (D:10)
  19 blink frogs
  6 snapping turtles
  3 dream sheep (Lair:5)
  3 human simulacra
  An ettin zombie (Crypt:1)
  A stone giant simulacrum (Coc:1)
  A jumping spider (shapeshifter) (D:14)
  An iron dragon simulacrum (Depths:1)
  3 air elementals
  8 small abominations (Depths:3)
  A fire dragon skeleton (Crypt:1)
  2 spriggan zombies
  A jumping spider (Crypt:3)
  2 centaur simulacra
  A culicivora (Vaults:1)
  Sigmund (D:6)
  2 shadows
  43 yaks
  A vampire (D:11)
  17 water elementals
  A dire elephant simulacrum (Hell)
  11 wyverns
  3 ushabtiu
  7 wraiths
  A human (Lair:5)
  8 basilisks
  8 fire elementals
  A fire bat (Vaults:5)
  2 redbacks
  A steam dragon (D:7)
  A chaos spawn (Depths:3)
  A death yak simulacrum (IceCv)
  4 wargs
  7 vampire mosquitoes
  36 nagas
  A glowing shapeshifter zombie (Vaults:2)
  A demonspawn zombie (Crypt:3)
  3 harpy simulacra
  A hydra simulacrum (Coc:1)
  2 acid dragons
  12 hell hounds
  11 water moccasins
  A two-headed ogre skeleton (Crypt:1)
  6 ice beasts
  A black bear (shapeshifter) (Vaults:5)
  37 orc warriors
  2 sky beasts
  10 black bears
  3 ettin simulacra (Coc:1)
  21 ogres
  2 boggarts
  A wolf (shapeshifter) (Elf:1)
  25 wolves
  12 centaurs
  A swamp dragon skeleton (Crypt:1)
  3 phantoms
  13 kobold brigands
  A rime drake skeleton (Crypt:2)
  16 bullfrogs
  12 gnoll sergeants
  3 scorpions
  3 earth elementals
  17 necrophages
  3 human skeletons
  A komodo dragon skeleton (Crypt:2)
  A cane toad simulacrum (IceCv)
  An entropy weaver simulacrum (Vaults:2)
  14 wights
  6 wyvern skeletons (Crypt:3)
  A queen bee zombie (Crypt:2)
  33 killer bees
  10 howler monkeys
  26 orc priests
  3 hounds
  2 gnoll boudas
  2 hell rats
  An iguana (D:6)
  23 orc wizards
  2 polar bear simulacra (IceCv)
  A killer bee zombie (Crypt:2)
  A wolf simulacrum (IceCv)
  8 mummies (Tomb:1)
  A hound skeleton (Crypt:2)
  Robin (D:3)
  29 gnolls
  8 adders
  4 river rats
  2 shadow imps (D:7)
  A white imp (D:6)
  2 ufetubi
  3 worms
  116 orcs
  5 bats
  7 endoplasms
  4 giant cockroaches
  14 goblins
  7 hobgoblins
  10 jackals
  8 quokkas
  6 ball pythons
  3 frilled lizards (D:2)
  33 kobolds
  8 rats
  3 tentacles
2348 creatures vanquished.

Vanquished Creatures (collateral kills)
  Saint Roka (Orc:2)
  A caustic shrike (Shoals:3)
  A tentacled monstrosity (Vaults:5)
  A titan (Vaults:5)
  A quicksilver dragon (Snake:4)
  A balrug (Depths:1)
  A putrid mouth (Depths:1)
  A merfolk impaler (Shoals:2)
  A hydra (Lair:5)
  5 vault guards (Vaults:5)
  An anaconda (Snake:4)
  A satyr (Shoals:2)
  2 naga warriors (Snake:4)
  A death drake (Snake:4)
  A naga ritualist (Snake:4)
  4 deep elf zephyrmancers (Orc:1)
  4 deep elf pyromancers (Orc:1)
  A salamander (Snake:4)
  A guardian serpent (Snake:4)
  A black mamba (Snake:4)
  A cane toad (Lair:5)
  The ghost of iguanaiguana the Skirmisher, a novice SpHu (D:7)
  2 naga magi (Snake:4)
  A freezing wraith (IceCv)
  5 polar bears (Lair:5)
  A merfolk (Shoals:2)
  A raiju (Lair:5)
  A blink frog (Lair:5)
  2 dire elephant simulacra (IceCv)
  A vampire (D:13)
  A death yak simulacrum (IceCv)
  A steam dragon (Lair:5)
  2 wargs (Lair:5)
  3 nagas (Snake:4)
  4 hell hounds (Lair:5)
  2 black bears (Lair:5)
  An orc warrior (Orc:1)
  3 wolves (Lair:5)
  A kobold brigand (D:12)
  A killer bee (Lair:5)
  2 orc priests (Orc:2)
  A hell rat (Lair:5)
  A wolf simulacrum (IceCv)
  A gnoll (D:5)
  2 orcs (Orc:1)
  A kobold (D:12)
74 creatures vanquished.

Vanquished Creatures (others)
  A lich (Vaults:5)
  A spark wasp (Depths:3)
  A juggernaut simulacrum (Coc:3)
  A wizard (D:9)
  An anaconda simulacrum (Coc:3)
  An iron giant simulacrum (Coc:3)
  An ogre (Vaults:5)
  A killer bee (Vaults:3)
  An orc (Elf:1)
  A kobold (D:8)
  19 fungi
  127 plants
  12 tentacles
  11 withered plants (Crypt:3)
179 creatures vanquished.

Grand Total: 2601 creatures vanquished

Notes
Turn   | Place    | Note
-------+----------+-------------------------------------------
     0 | D:1      | KennySheep the Tengu Hunter began the quest for the Orb.
     0 | D:1      | Reached XP level 1. HP: 12/12 MP: 2/2
   287 | D:1      | Reached XP level 2. HP: 17/17 MP: 3/3
   302 | D:1      | Found a faded altar of an unknown god.
   325 | D:1      | Prayed at the altar of an unknown god.
   325 | D:1      | Became a worshipper of Nemelex Xobeh the Trickster
   325 | D:1      | Reached * piety under Nemelex Xobeh
   325 | D:1      | Received a gift from Nemelex Xobeh
   700 | D:2      | Reached skill level 1 in Armour
   747 | D:2      | Reached XP level 3. HP: 21/21 MP: 4/4
  1080 | D:2      | Found Dodaephu's Magic Scroll Boutique.
  1098 | D:2      | Reached ** piety under Nemelex Xobeh
  1116 | D:2      | Bought a scroll of brand weapon for 133 gold pieces
  1205 | D:2      | Reached skill level 5 in Ranged Weapons
  1400 | D:3      | Reached XP level 4. HP: 27/27 MP: 5/5
  1415 | D:3      | Received a gift from Nemelex Xobeh
  1447 | D:3      | Reached skill level 1 in Invocations
  1510 | D:3      | Noticed Robin
  1514 | D:3      | Killed Robin
  1770 | D:3      | Gained mutation: Your magical nature lets you fly swiftly
                  | and evasively. [Tengu growth]
  1770 | D:3      | Reached XP level 5. HP: 28/31 MP: 5/7
  1846 | D:3      | Reached skill level 2 in Armour
  2153 | D:4      | Reached XP level 6. HP: 26/37 MP: 8/8
  2659 | D:4      | You are sucked into a shaft and drop 1 floor!
  2659 | D:5      | Entered Level 5 of the Dungeon
  2683 | D:5      | Found Xuad's Armour Shop.
  2875 | D:4      | Reached XP level 7. HP: 41/41 MP: 9/9
  3094 | D:5      | Found a blossoming altar of Fedhas.
  3103 | D:5      | Reached skill level 3 in Armour
  3238 | D:5      | Reached *** piety under Nemelex Xobeh
  3474 | D:5      | Reached XP level 8. HP: 43/48 MP: 11/11
  3702 | D:6      | Noticed Sigmund
  3705 | D:6      | Killed Sigmund
  3706 | D:6      | Reached skill level 4 in Armour
  3710 | D:6      | Noticed a wyvern
  3743 | D:6      | Reached skill level 5 in Dodging
  3780 | D:6      | Killed a wyvern
  3873 | D:6      | Reached XP level 9. HP: 52/53 MP: 12/12
  3976 | D:6      | Received a gift from Nemelex Xobeh
  4163 | D:6      | Found a staircase to the Ecumenical Temple.
  4331 | D:6      | Found a hazy altar of Hepliaklqana.
  4392 | D:6      | Received a gift from Nemelex Xobeh
  4400 | D:6      | Reached skill level 5 in Fighting
  4490 | D:7      | Reached skill level 5 in Armour
  4570 | D:7      | Reached **** piety under Nemelex Xobeh
  4620 | D:7      | Found a runed translucent gate.
  4621 | D:7      | Found a runed translucent gate.
  4623 | D:7      | Found a runed translucent gate.
  4719 | D:7      | Noticed iguanaiguana's ghost (novice SpHu)
  4742 | D:7      | Noticed Joseph
  4755 | D:7      | Killed Joseph
  4840 | D:7      | Received a gift from Nemelex Xobeh
  5339 | D:7      | Reached skill level 6 in Armour
  5412 | D:8      | Reached XP level 10. HP: 46/60 MP: 14/14
  5421 | D:8      | Reached skill level 10 in Ranged Weapons
  5462 | D:8      | Reached skill level 5 in Invocations
  5961 | D:8      | Found a radiant altar of Vehumet.
  5962 | D:8      | Found a shimmering blue altar of Sif Muna.
  6029 | D:8      | Found a burning altar of Makhleb.
  6029 | D:8      | Noticed a cacodemon
  6032 | D:8      | Noticed a smoke demon
  6112 | D:8      | Identified the +4 scale mail "Jieme" {Harm Dex+6}
  6267 | D:9      | Reached ***** piety under Nemelex Xobeh
  6267 | D:9      | Received a gift from Nemelex Xobeh
  6424 | D:9      | Found a bloodstained altar of Trog.
  6428 | D:9      | Noticed a wizard
  6433 | D:9      | Killed a wizard
  6867 | D:9      | Identified the +2 war axe of the Freezing God {venom, *Rage
                  | Str+2 Dex+6}
  6929 | D:9      | Found a glowing golden altar of the Shining One.
  6929 | D:9      | Found a white marble altar of Elyvilon.
  6930 | D:9      | Found a glowing silver altar of Zin.
  6982 | D:10     | Entered Level 10 of the Dungeon
  7048 | D:10     | Reached skill level 7 in Armour
  7170 | D:10     | Received a gift from Nemelex Xobeh
  7172 | D:10     | Noticed a two-headed ogre
  7172 | D:10     | Noticed an unseen horror
  7173 | D:10     | Killed a two-headed ogre
  7173 | D:10     | Killed an unseen horror
  7174 | D:10     | Reached XP level 11. HP: 67/67 MP: 13/16
  7768 | D:10     | Found an opulent altar of Gozag.
  7832 | D:10     | Gained mutation: You are strong-willed. (Will+) [potion of
                  | mutation]
  7832 | D:10     | Gained mutation: You are partially covered in iridescent
                  | scales. (AC +2) [potion of mutation]
  7897 | D:10     | Noticed a two-headed ogre
  7903 | D:10     | Killed a two-headed ogre
  8137 | D:7      | Identified the -2 quarterstaff of Ambiguity {elec, rC-
                  | rN+++ Int-5 Dex+7}
  8144 | D:7      | Killed iguanaiguana's ghost
  8378 | D:10     | Reached skill level 8 in Armour
  8534 | D:10     | Found a staircase to the Orcish Mines.
  8628 | Orc:1    | Entered Level 1 of the Orcish Mines
  8745 | Orc:1    | Noticed a deep elf pyromancer
  8745 | Orc:1    | Noticed a deep elf pyromancer
  8765 | Orc:2    | Entered Level 2 of the Orcish Mines
  8916 | Orc:2    | Noticed a two-headed ogre
  8933 | Orc:2    | Killed a two-headed ogre
  8934 | Orc:2    | Reached XP level 12. HP: 73/73 MP: 18/18
  9141 | Orc:2    | Received a gift from Nemelex Xobeh
  9293 | Orc:2    | Identified the +7 mace of Slime {vorpal, *Slow rC+ rN+++
                  | Int+2}
  9401 | Orc:2    | Noticed a two-headed ogre
  9427 | Orc:2    | Killed a two-headed ogre
  9493 | Orc:1    | Found a radiant altar of Vehumet.
  9545 | Orc:1    | Reached skill level 9 in Armour
 10442 | Orc:2    | Found Raqefel's General Store.
 10447 | Orc:2    | Bought a scroll of teleportation for 36 gold pieces
 10454 | Orc:2    | Found Ziuj's Armour Emporium.
 10522 | Orc:2    | Bought the +2 cloak of Rucig {rElec rPois Will+} for 689
                  | gold pieces
 10650 | Orc:2    | Noticed a two-headed ogre
 10650 | Orc:2    | Noticed a two-headed ogre
 10708 | Orc:2    | Killed a two-headed ogre
 10711 | Orc:2    | Killed a two-headed ogre
 10712 | Orc:2    | Reached XP level 13. HP: 71/80 MP: 16/20
 10716 | Orc:2    | Reached skill level 10 in Dodging
 10941 | Orc:2    | Found a staircase to the Elven Halls.
 11308 | Orc:2    | Reached skill level 10 in Armour
 11394 | Orc:2    | Noticed Saint Roka
 11803 | D:11     | Received a gift from Nemelex Xobeh
 11879 | D:11     | Noticed Psyche
 11892 | D:11     | Killed Psyche
 12516 | D:11     | Reached skill level 15 in Ranged Weapons
 12547 | D:11     | Identified the +2 pair of boots of the Baleful Raven {rPois
                  | Will+ Str+4}
 12574 | D:11     | Found a staircase to the Lair.
 13770 | D:13     | Found a frozen archway.
 13781 | IceCv    | Entered an ice cave
 13919 | IceCv    | Reached skill level 10 in Fighting
 14550 | Lair:1   | Entered Level 1 of the Lair of Beasts
 14566 | D:11     | Reached XP level 14. HP: 72/88 MP: 16/21
 14696 | Lair:1   | Received a gift from Nemelex Xobeh
 14778 | Lair:1   | Noticed Urug
 14787 | Lair:1   | Killed Urug
 14937 | Lair:1   | Received a gift from Nemelex Xobeh
 15239 | Lair:1   | Received a gift from Nemelex Xobeh
 16302 | Lair:2   | Received a gift from Nemelex Xobeh
 16756 | Lair:3   | Reached ****** piety under Nemelex Xobeh
 16927 | Lair:3   | Received a gift from Nemelex Xobeh
 16944 | Lair:3   | Found a staircase to the Shoals.
 16989 | Lair:3   | Found a staircase to the Snake Pit.
 17017 | Lair:3   | Found a transporter.
 17019 | Lair:3   | Found a transporter.
 17021 | Lair:3   | Noticed Luafex's ghost (journeyman MiBe)
 17092 | Lair:3   | Reached skill level 10 in Invocations
 17140 | Lair:3   | Received a gift from Nemelex Xobeh
 17704 | Lair:4   | Received a gift from Nemelex Xobeh
 17776 | Lair:4   | Found a staircase to the Slime Pits.
 17776 | Lair:4   | Found a viscous altar of Jiyva.
 18053 | Lair:4   | Received a gift from Nemelex Xobeh
 18282 | Lair:5   | Entered Level 5 of the Lair of Beasts
 18306 | Lair:5   | Reached skill level 5 in Stealth
 18342 | Lair:5   | Noticed Snorg
 18349 | Lair:5   | Killed Snorg
 18350 | Lair:5   | Reached XP level 15. HP: 94/96 MP: 21/23
 19048 | Lair:5   | Received a gift from Nemelex Xobeh
 19287 | Lair:5   | Identified the +1 helmet of the Vestibule of Hell {rElec
                  | rF+ Int-4}
 20231 | D:13     | Noticed Maurice
 20238 | D:13     | Killed Maurice
 20532 | D:13     | Noticed Azrael
 20967 | D:13     | Found Omnen's Jewellery Boutique.
 21248 | D:13     | Killed Azrael
 21568 | D:14     | Found a portal to a secret trove of treasure.
 21628 | D:14     | Reached XP level 16. HP: 107/107 MP: 25/25
 21946 | D:14     | Reached skill level 11 in Armour
 22150 | D:14     | Found a radiant altar of Vehumet.
 22150 | D:14     | Noticed Nikola
 22159 | D:14     | Killed Nikola
 22160 | D:14     | Reached skill level 15 in Fighting
 22390 | D:14     | Found a gate to the Vaults.
 22791 | D:14     | Identified the +6 great sword "Kiuhokhlo" {speed, Contam
                  | *Rage rN+++ Str+4}
 22925 | D:14     | Received a gift from Nemelex Xobeh
 23301 | D:15     | Entered Level 15 of the Dungeon
 23360 | D:15     | Found a glowing golden altar of the Shining One.
 23580 | D:15     | Found Mykaqix's Weapon Shop.
 23801 | D:15     | Received a gift from Nemelex Xobeh
 24082 | D:15     | Found a staircase to the Depths.
 24306 | D:15     | Identified a scroll of acquirement
 24315 | D:15     | Acquired the +2 pair of gloves "Zakoyd" {rF+ Dex+6}
 24866 | Orc:2    | Killed Saint Roka
 25015 | Orc:2    | Found Cigemp's General Store.
 25108 | Orc:2    | Found Renuq's Antique Weapon Boutique.
 25111 | Orc:2    | Received a gift from Nemelex Xobeh
 25147 | Orc:2    | Bought a scroll of teleportation for 42 gold pieces
 25147 | Orc:2    | Bought +1 ice dragon scales for 938 gold pieces
 25373 | Shoals:1 | Entered Level 1 of the Shoals
 25679 | Shoals:1 | Reached skill level 15 in Dodging
 25757 | Shoals:1 | Received a gift from Nemelex Xobeh
 25765 | Shoals:1 | Reached XP level 17. HP: 85/115 MP: 18/26
 25977 | Shoals:1 | Upgraded the game from 0.30-a0-354-g6b83867211 to
                  | 0.30-a0-358-g0d69a1922f
 26076 | Shoals:1 | Noticed a kraken
 26089 | Shoals:1 | Killed a kraken
 26257 | Shoals:1 | Reached skill level 12 in Armour
 26577 | Shoals:1 | Identified the +7 ring mail of Vopt {rPois}
 26773 | Shoals:2 | Found Camm's Antique Weapon Shoppe.
 26779 | Shoals:2 | Received a gift from Nemelex Xobeh
 27021 | Shoals:2 | Noticed a kraken
 27027 | Shoals:2 | a kraken changed into a stone giant
 27449 | Shoals:2 | Received a gift from Nemelex Xobeh
 27904 | Shoals:3 | Found a transporter.
 27906 | Shoals:3 | Found a transporter.
 28109 | Shoals:3 | Received a gift from Nemelex Xobeh
 28128 | Shoals:3 | Noticed Jorgrun
 28133 | Shoals:3 | Jorgrun changed into Jorgrun the caustic shrike
 28133 | Shoals:3 | Noticed Jorgrun
 28139 | Shoals:3 | Killed Jorgrun the caustic shrike
 28381 | Shoals:3 | Noticed Mecsish's ghost (adept AtWn)
 28681 | Shoals:4 | Entered Level 4 of the Shoals
 29178 | Snake:1  | Entered Level 1 of the Snake Pit
 29192 | Snake:1  | Got the Quarto of the Tesseract and Ensorcelling
 29212 | Snake:1  | Learned a level 3 spell: Portal Projectile
 29352 | Snake:1  | Received a gift from Nemelex Xobeh
 29416 | Snake:1  | Reached skill level 13 in Armour
 29434 | Snake:1  | Found Domm's Weapon Emporium.
 29436 | Snake:1  | Found Hiply's General Store.
 29439 | Snake:1  | Found Epnyffu's Antique Weapon Emporium.
 29732 | Snake:1  | Noticed Asterion
 29742 | Snake:1  | Killed Asterion
 29816 | Snake:1  | Received a gift from Nemelex Xobeh
 30641 | Snake:2  | Received a gift from Nemelex Xobeh
 30741 | Snake:2  | Reached XP level 18. HP: 119/124 MP: 20/28
 31119 | Snake:2  | Received a gift from Nemelex Xobeh
 31821 | Snake:3  | Received a gift from Nemelex Xobeh
 32113 | Snake:4  | Entered Level 4 of the Snake Pit
 32253 | Snake:4  | Noticed a quicksilver dragon
 32257 | Snake:4  | Noticed a quicksilver dragon
 32262 | Snake:4  | a quicksilver dragon changed into a sphinx
 32424 | Snake:4  | Received a gift from Nemelex Xobeh
 32459 | Snake:4  | Reached skill level 14 in Armour
 32507 | Snake:4  | Noticed Aizul
 32521 | Snake:4  | Killed Aizul
 32725 | Snake:4  | Killed a quicksilver dragon
 32726 | Snake:4  | Reached skill level 10 in Stealth
 32745 | Snake:4  | Found Kidgh's Antique Weapon Emporium.
 33519 | Snake:4  | Got a serpentine rune of Zot
 33682 | Snake:4  | Received a gift from Nemelex Xobeh
 34166 | Elf:1    | Entered Level 1 of the Elven Halls
 34344 | Elf:1    | Found Soyfej Razir's Book Boutique.
 34382 | Elf:1    | Reached XP level 19. HP: 130/130 MP: 29/29
 34650 | Elf:1    | Received a gift from Nemelex Xobeh
 35226 | Elf:1    | Received a gift from Nemelex Xobeh
 35232 | Elf:1    | Reached skill level 15 in Armour
 35290 | Elf:1    | Found a runed translucent gate.
 35290 | Elf:1    | Found a runed translucent gate.
 35336 | Elf:1    | Identified the +10 arbalest of Sysismie {penet, Str+4}
 35674 | Elf:1    | Found a runed translucent gate.
 35674 | Elf:1    | Found a runed translucent gate.
 35674 | Elf:1    | Found a runed translucent gate.
 35677 | Elf:1    | Found a runed translucent gate.
 35976 | Elf:2    | Noticed Donald
 35985 | Elf:2    | Killed Donald
 36388 | Elf:2    | Received a gift from Nemelex Xobeh
 36395 | Elf:2    | Found Tuam's General Store.
 36766 | Shoals:3 | Killed Mecsish's ghost
 36811 | Shoals:3 | Identified the ring of Duid {rPois rN+}
 37477 | Elf:2    | Noticed Agnes
 37482 | Elf:2    | Killed Agnes
 37520 | Elf:2    | Found a runed translucent gate.
 37537 | Elf:2    | Found a runed translucent gate.
 37537 | Elf:2    | Found a runed translucent gate.
 37752 | Elf:3    | Entered Level 3 of the Elven Halls
 37757 | Elf:3    | Received a gift from Nemelex Xobeh
 37798 | Elf:3    | Found a magical portal.
 37841 | WizLab   | Entered Iskenderun's Mystic Tower
 37851 | WizLab   | Reached skill level 16 in Armour
 38856 | WizLab   | Reached XP level 20. HP: 84/137 MP: 30/30
 39133 | WizLab   | Received a gift from Nemelex Xobeh
 39193 | WizLab   | Reached skill level 17 in Armour
 39232 | WizLab   | Got the Exposition on the Sandy Excursion
 39337 | WizLab   | Got Iskenderun's Grimoire of Battle Magic
 39337 | WizLab   | Got Iskenderun's Reference Book on Hurting
 39739 | Elf:3    | Found Buoveav's Jewellery Shop.
 39809 | Elf:3    | Received a gift from Nemelex Xobeh
 40329 | Elf:3    | Identified the +1 chain mail of Disguise {Dex+3}
 40427 | Elf:3    | Reached skill level 18 in Armour
 40516 | Elf:3    | Identified the ring of Loluj {Wiz +Blink Fly rC+ Str+2}
 40638 | Elf:3    | Identified the ring of the Gloaming {rF+ MP+9 SInv}
 41029 | Elf:3    | Identified the +5 halberd of Wenuxt Oseho {elec, Int+5}
 41068 | Elf:3    | Reached skill level 19 in Armour
 41118 | Elf:3    | Identified the ring "Coagg" {Fly Dex+3}
 41192 | Elf:3    | Identified the +3 broad axe of the Ass {antimagic, Fly}
 41371 | Elf:3    | Identified the ring "Pexic" {rF- rC+++ Will- Int+6 Dex+4}
 42125 | Elf:3    | Got the Octavo of Frigorific Spellbinding
 42503 | Shoals:4 | Received a gift from Nemelex Xobeh
 42632 | Shoals:4 | Got a barnacled rune of Zot
 42879 | Shoals:4 | Reached skill level 20 in Armour
 43244 | Shoals:4 | Found Coizxa's Distillery.
 43254 | Shoals:4 | Bought a potion of curing for 45 gold pieces
 43254 | Shoals:4 | Bought 2 potions of mutation for 240 gold pieces
 43254 | Shoals:4 | Bought 2 potions of heal wounds for 150 gold pieces
 43254 | Shoals:4 | Bought a potion of cancellation for 120 gold pieces
 43254 | Shoals:4 | Bought a potion of cancellation for 120 gold pieces
 43254 | Shoals:4 | Bought a potion of invisibility for 120 gold pieces
 43254 | Shoals:4 | Lost mutation: You are partially covered in iridescent
                  | scales. (AC +2) [potion of mutation]
 43254 | Shoals:4 | Lost mutation: You are strong-willed. (Will+) [potion of
                  | mutation]
 43254 | Shoals:4 | Gained mutation: You are strong-willed. (Will+) [potion of
                  | mutation]
 43254 | Shoals:4 | Gained mutation: Your body sometimes deteriorates upon
                  | taking damage. [potion of mutation]
 43254 | Shoals:4 | Gained mutation: You are dopey. (Int -2) [potion of
                  | mutation]
 43343 | Shoals:4 | Received a gift from Nemelex Xobeh
 43380 | Shoals:4 | Lost mutation: You are dopey. (Int -2) [potion of mutation]
 43380 | Shoals:4 | Lost mutation: You are strong-willed. (Will+) [potion of
                  | mutation]
 43380 | Shoals:4 | Lost mutation: Your body sometimes deteriorates upon taking
                  | damage. [potion of mutation]
 43380 | Shoals:4 | Gained mutation: You sometimes lose your temper in combat.
                  | [potion of mutation]
 43380 | Shoals:4 | Gained mutation: Your flesh is heat resistant. (rF+)
                  | [potion of mutation]
 43689 | Shoals:4 | Identified the +1 pair of gloves "Coba" {MP+9 Int+3 Stlth+}
 43814 | Shoals:4 | Identified the +3 shortbow of the Ring {vorpal, Str+9
                  | Stlth-}
 44120 | Depths:1 | Entered Level 1 of the Depths
 45210 | Depths:1 | Noticed Louise
 45359 | Depths:1 | Killed Louise
 45360 | Depths:1 | Reached XP level 21. HP: 85/142 MP: 31/31
 45571 | Depths:1 | Reached skill level 21 in Armour
 45890 | Depths:1 | Found Xenuefis's Assorted Antiques.
 45898 | Depths:1 | Bought a scroll of enchant armour for 255 gold pieces
 45911 | Depths:1 | Found a one-way gate to the infinite horrors of the Abyss.
 46022 | Depths:1 | Found a one-way gateway to a ziggurat.
 46036 | Depths:1 | Found a gateway to Hell.
 46250 | Hell     | Entered the Vestibule of Hell
 46250 | Hell     | Noticed Geryon
 46442 | Vaults:1 | Entered Level 1 of the Vaults
 46450 | Vaults:1 | Reached skill level 22 in Armour
 46758 | Vaults:1 | Received a gift from Nemelex Xobeh
 47231 | Vaults:1 | Reached skill level 23 in Armour
 47765 | Vaults:1 | Paralysed by a sphinx for 2 turns
 48336 | Vaults:2 | Reached skill level 24 in Armour
 48343 | Vaults:2 | Reached XP level 22. HP: 148/148 MP: 32/32
 48648 | Vaults:2 | Received a gift from Nemelex Xobeh
 48856 | Vaults:2 | Noticed Sojobo
 48862 | Vaults:2 | Paralysed by an air elemental for 1 turns
 48865 | Vaults:2 | Killed Sojobo
 49143 | Vaults:2 | Received a gift from Nemelex Xobeh
 49260 | Vaults:2 | Reached skill level 25 in Armour
 49887 | Vaults:3 | Received a gift from Nemelex Xobeh
 50348 | Vaults:3 | Reached skill level 26 in Armour
 50508 | Vaults:3 | Received a gift from Nemelex Xobeh
 51457 | Vaults:3 | Found a staircase to the Crypt.
 51457 | Vaults:3 | Found an ancient bone altar of Kikubaaqudgha.
 51457 | Vaults:3 | Found a basalt altar of Yredelemnul.
 51526 | Vaults:3 | Found a transporter.
 51527 | Vaults:3 | Found a shimmering blue altar of Sif Muna.
 51527 | Vaults:3 | Found the ring of Shadows {Umbra +Inv Stlth+}
 51614 | Vaults:3 | Reached XP level 23. HP: 147/153 MP: 31/33
 51620 | Vaults:3 | Found a transporter.
 51639 | Vaults:3 | Identified the +8 falchion "Dueddialud" {freeze, *Noise
                  | rPois Str+3}
 51675 | Vaults:3 | Reached skill level 27 in Armour
 51741 | Vaults:3 | Identified the +1 cloak of the Gusle {*Corrode rElec Int+4}
 51814 | Crypt:1  | Entered Level 1 of the Crypt
 52053 | Crypt:1  | Noticed Bai Suzhen
 52071 | Crypt:1  | Killed Bai Suzhen
 52180 | Crypt:1  | Received a gift from Nemelex Xobeh
 52267 | Crypt:1  | Found the +6 Majin-Bo {vamp, MP+6 Int+6}
 52273 | Crypt:1  | Got the Volume of the Tiger
 52348 | Crypt:1  | You are sucked into a shaft and drop 1 floor!
 52372 | Crypt:2  | Reached skill level 1 in Short Blades
 53142 | Snake:1  | Bought a warped dagger for 252 gold pieces
 53142 | Snake:1  | Identified the +6 dagger "Koxiykk" {venom, *Slow Fly Int+2}
                  | (You bought it in a shop on level 1 of the Snake Pit)
 53358 | Depths:1 | Bought a runed quick blade for 612 gold pieces
 53811 | Crypt:3  | Entered Level 3 of the Crypt
 53992 | Crypt:3  | Received a gift from Nemelex Xobeh
 54201 | Crypt:3  | Found a basalt altar of Yredelemnul.
 54418 | Crypt:3  | Received a gift from Nemelex Xobeh
 54888 | Crypt:3  | Reached skill level 5 in Short Blades
 55161 | Crypt:3  | Found a staircase to the Tomb.
 55674 | Crypt:3  | Got the Exposition on the Calid Snake
 55910 | Crypt:3  | Identified the +9 crystal plate armour of the Vanishing
                  | Seas {rPois Str+3 Dex+3 Slay-6}
 56057 | Crypt:3  | Got Gaqal's Directory of the Mortuary
 56100 | Crypt:3  | Identified the ring "Xuruacoq" {rN+ Int+4}
 56100 | Crypt:3  | Identified the ring "Zedwy" {rElec rF+ rC+ rN+}
 56100 | Crypt:3  | Identified the ring "Coybuis" {rN+ Str+2 Dex+8}
 56933 | Vaults:4 | Received a gift from Nemelex Xobeh
 57312 | Vaults:4 | Received a gift from Nemelex Xobeh
 57413 | Vaults:4 | Reached XP level 24. HP: 150/160 MP: 34/34
 57789 | Vaults:5 | Entered Level 5 of the Vaults
 57826 | Vaults:5 | Noticed an ancient lich
 57830 | Vaults:5 | Killed an ancient lich
 57836 | Vaults:5 | Noticed an ancient lich
 57908 | Vaults:5 | Identified the +7 shortbow of the Disbelieving Gods
                  | {freeze, rC+ Dex+2}
 58154 | Vaults:5 | Identified the ring "Urautu" {rN+ Will+ rCorr Int+3}
 58175 | Vaults:5 | Got a silver rune of Zot
 58181 | Vaults:5 | Identified the +10 lajatang "Diapn" {vamp, rElec Will+
                  | Stlth+}
 58315 | Vaults:5 | Noticed an ancient lich
 58326 | Vaults:5 | Acquired 1036 gold pieces
 58520 | Vaults:5 | Reached skill level 15 in Stealth
 58622 | Vaults:5 | Received a gift from Nemelex Xobeh
 59202 | Vaults:5 | Killed an ancient lich
 59459 | D:15     | Fell from the grace of Nemelex Xobeh
 59459 | D:15     | Became a worshipper of the Shining One
 59914 | Hell     | Reached * piety under the Shining One
 60131 | Depths:1 | Reached XP level 25. HP: 44/169 MP: 34/34
 60414 | Hell     | Reached ** piety under the Shining One
 60886 | Depths:2 | Paralysed by a Zot trap for 2 turns
 60966 | Depths:2 | Reached *** piety under the Shining One
 61046 | Depths:2 | Found a one-way gate leading to the halls of Pandemonium.
 61232 | Depths:2 | Identified the amulet of Azoqos {Spirit rC+ Int+2 Dex+3}
 61274 | Depths:2 | Identified the +1 plate armour of the Zebra {Harm rCorr
                  | MP-9 Str+10}
 61275 | Depths:2 | Reached **** piety under the Shining One
 62097 | Depths:2 | Identified the +1 leather armour of Xom, Transmuting {Int+4
                  | Dex-5 SInv}
 62098 | Depths:2 | Reached ***** piety under the Shining One
 63034 | Depths:3 | Noticed a juggernaut
 63043 | Depths:3 | Killed a juggernaut
 63049 | Depths:3 | Reached XP level 26. HP: 130/178 MP: 34/34
 63203 | Depths:3 | Identified the +7 hand axe "Ylofroz" {freeze, rElec Str+3}
 63657 | Depths:3 | Reached ****** piety under the Shining One
 63799 | Depths:4 | Entered Level 4 of the Depths
 63799 | Depths:4 | Noticed Jory
 63809 | Depths:4 | Killed Jory
 64338 | Depths:4 | Found a gate to the Realm of Zot.
 64764 | Zot:1    | Entered Level 1 of the Realm of Zot
 65816 | Tomb:1   | Entered Level 1 of the Tomb of the Ancients
 66452 | Tomb:1   | Noticed a royal mummy
 66459 | Tomb:1   | Killed a royal mummy
 66514 | Tomb:1   | Noticed a royal mummy
 66521 | Tomb:1   | Killed a royal mummy
 66522 | Tomb:1   | Acquired the +7 arbalest of the Secret Runes {flame, rElec
                  | rF++ Str-4 Dex+4}
 66708 | Tomb:1   | Identified the +9 mace of Xunoi {freeze, *Slow rElec rC+}
 67375 | Hell     | Killed Geryon
 67564 | Hell     | Found a gateway to the decaying netherworld of Tartarus.
 67705 | Hell     | Found a gateway to the ashen valley of Gehenna.
 67805 | Hell     | Found a gateway to the Iron City of Dis.
 67821 | Hell     | Found a gateway to the freezing wastes of Cocytus.
 67976 | Coc:1    | Entered Level 1 of Cocytus
 68006 | Coc:1    | Reached XP level 27. HP: 167/186 MP: 34/34
 68259 | Coc:3    | Killed from afar by a wendigo

Illustrated notes

Levels and vault maps discovered:
D:1:      spicycebolla_green_bress_n_ham_2, layout_loops_cross,
          chequers_ecumenical_altar_island
D:2:      layout_loops_cross, serial_shops, nicolae_shop_statue_plus
D:3:      layout_loops_ring, uniq_robin
D:4:      layout_basic
D:5:      layout_cave_pools, fedhas_altar_1, serial_shops, shop, uniq_duvessa
D:6:      layout_cave_pools, lemuel_tele_altar,
          minmay_temple_entry_glassed_door, uniq_sigmund
D:7:      layout_gridville, ebering_ghost_rock_garden, uniq_joseph
D:8:      layout_basic, makhleb_altar_promises_db,
          mainiacjoe_overflow_catwalk_spiral
D:9:      layout_long_grid, good_gods_mini_temple, trog_wizard
D:10:     layout_long_grid, nicolae_gozag_seed_capital,
          kennysheep_orc_monster_closet_entryway, minmay_joined_circles
D:11:     cheibrodos_wizards_tower, layout_gridville, dpeg_lair_monsters,
          nzn_life_drinkers, uniq_psyche
D:12:     layout_stronghold
D:13:     layout_cave_pools, portal_ice_cave_entry_pillars_1, serial_shops,
          shop, minmay_unpleasant_kobolds, uniq_maurice, uniq_azrael
D:14:     evilmike_halls_of_destruction, layout_loops_ring, david_vaults_4,
          enter_trove_1, grunt_tough_drop
D:15:     grunt_enter_depths_magical_seal, layout_stronghold, serial_shops,
          shop_statue, tso_metal_star
Lair:1:   layout_cave_pods, uniq_urug
Lair:2:   hangedman_what_comes_after_a, layout_chaotic_city
Lair:3:   layout_regular_city, minmay_shoals_entry_lonely_mermaid,
          guppyfry_snake_entry_island, gammafunk_ghost_hive
Lair:4:   layout_big_grid, slime_entry_1, beast_lair_carwin_11
Lair:5:   hangedman_lair_caniforms_friends, layout_layer_cave,
          hangedman_lair_in_review, serial_bayou_shore_b, grunt_megastairs_2,
          uniq_snorg
Shoals:1: layout_shoals, nicolae_shoals_shepherds
Shoals:2: layout_shoals, serial_shops, nicolae_shop_hallway_stairs
Shoals:3: layout_shoals, ebering_ghost_davey_jones,
          nicolae_shoals_square_sea_wall, uniq_jorgrun
Shoals:4: shoals_end_grunt_ice, layout_shoals, serial_shops, shop
Snake:1:  layout_chambers, grunt_megastairs_1, minmay_shop_star, uniq_asterion
Snake:2:  layout_layer_cave
Snake:3:  layout_rooms
Snake:4:  hellmonk_snake_rune_quicksilver_temple, layout_cave_town,
          serial_shops, nicolae_diamond_shop, nicolae_snake_omega, uniq_aizul
Orc:1:    layout_caves, basic_altar, elves_outpost_lemuel
Orc:2:    pubby_orc_utopia
Elf:1:    eino_elf_arrival_sip, layout_loops_corners, serial_shops, shop,
          orc_legates
Elf:2:    nicolae_elf_blades_splatter_lattice
          [nicolae_vaults_blade_armed_guards], layout_loops_ring, serial_shops,
          shop, minmay_misc_feat_cross, minivault_27, corner_web_ring,
          uniq_donald, uniq_agnes
Elf:3:    elf_hall_gauntlet_narrow, layout_gridlike,
          lightli_enter_wizlab_magi_temple, serial_shops, shop,
          evilmike_minifort
Vaults:1: nicolae_vaults_little_squares_4, vaults_room_grunt_arrival_checkpoint,
          v_misc_24, vaults_mumra_bighexcomb, nicolae_vaults_network_star,
          nicolae_vaults_windows_and_doors_thing, nicolae_vaults_network_s,
          v_misc_24, hangedman_vaults_capsules, grunt_vaults_hallway_short,
          v_misc_26, ontoclasm_vaults_fault, vaults_dpeg_cross,
          vaults_room_hallway, layout_vaults_maze_snakey
Vaults:2: vaults_mumra_minichess_inversion, hangedman_vaults_restitches,
          nicolae_vaults_stairing_the_circle, v_pattern_1, vaults_room_fours,
          vaults_standard_mumra_x, nicolae_vaults_display_case,
          vaults_dpeg_ring, nicolae_vaults_rhombus_6, nicolae_vaults_asterisk,
          vaults_room_hallway, v_misc_19, layout_vaults_omnicross, uniq_sojobo
Vaults:3: v_misc_17, nicolae_vaults_network_quincunx
          [nicolae_vaults_network_quincunx_subvault,
          nicolae_vaults_network_quincunx_subvault,
          nicolae_vaults_network_quincunx_subvault,
          nicolae_vaults_network_quincunx_subvault,
          nicolae_vaults_network_quincunx_subvault],
          minmay_crypt_entry_necro_gods, gammafunk_sealed_library,
          nicolae_vaults_hallways_thing, v_misc_29,
          nicolae_vaults_border_crossing, serial_ice_g, vaults_room_door_hall,
          layout_vaults_omnibox
Vaults:4: ontoclasm_vaults_ring_square, vaults_mumra_minichess,
          ontoclasm_vaults_gallery, v_alt_pattern_6, v_alt_pattern_1, v_misc_9,
          grunt_vaults_hallway_short, vaults_room_pools, layout_vaults_quadrants
Vaults:5
Crypt:1:  minmay_guarded_unrand_majin_bo, layout_misc_corridors, st_stairs_8,
          uniq_bai_suzhen
Crypt:2:  layout_rooms, serial_sigils, serial_sigils_hangedman_confine,
          serial_sigils_hangedman_writhe, serial_sigils_hangedman_snap,
          serial_sigils_hangedman_quiver, serial_sigils_hangedman_carve,
          serial_sigils_hangedman_gut
Crypt:3:  evilmike_haunted_forest
Tomb:1
Depths:1: layout_big_octagon, enter_ziggurat_c,
          nicolae_abyss_entry_one_way_or_another, hell_entry, serial_shops,
          shop_fountains, kennysheep_generic_room_16, grunt_megastairs_3,
          firewood_loft
Depths:2: hangedman_pleasuredromes, pan_entry, hell_entry
Depths:3: hangedman_arch_fort, layout_twisted_cross, minmay_holes,
          pf_coc_iceberg, minmay_room_of_horrors
Depths:4: grunt_twist_and_shout, layout_gridlike, hangedman_geh_valley,
          grunt_decor_mini_mirrors, uniq_jory
Hell
Coc:1:    layout_ice_bergs
Coc:2:    layout_cocytus_delve
Coc:3:    nicolae_hells_demon_pit, layout_cocytus_delve,
          nicolae_hells_seeping_fissure
Zot:1:    layout_gridlike

Skill      XL: |  1  2  3  4  5  6  7  8  9 10 11 12 13 14 15 16 17 18 19 20 21 22 23 24 25 26 |
---------------+-------------------------------------------------------------------------------+-----
Armour         | 1 2 3 4 6 7 8 9 10 11 13 14 16 20 24 26 27 | 27.0
Ranged Weapons | 5 6 7 8 9 11 12 14 15 16 17 18 19 20 21 | 21.9
Invocations    | 1 2 3 4 6 8 10 11 12 13 | 13.3
Dodging        | 3 4 5 6 7 8 9 11 12 13 15 16 17 18 19 | 19.4
Fighting       | 3 4 5 7 8 9 10 12 14 16 17 18 19 20 21 22 | 22.9
Stealth        | 2 5 6 8 9 10 11 13 15 17 19 | 19.5
Short Blades   | 7 |  7.7
Evocations     | |  0.2

Action                   |  1- 3 |  4- 6 |  7- 9 | 10-12 | 13-15 | 16-18 | 19-21 | 22-24 | 25-27 || total
-------------------------+-------+-------+-------+-------+-------+-------+-------+-------+-------++-------
Melee: Quick blade       |       |       |       |       |       |       |       |    11 |       ||    11
       Kick              |       |       |       |       |       |       |       |     8 |       ||     8
       Peck              |       |       |       |       |       |       |       |     5 |       ||     5
       Dagger            |       |       |       |       |       |       |       |     3 |       ||     3
       Unarmed           |       |       |       |       |       |       |       |       |    22 ||    22
 Fire: Shortbow          |    93 |   148 |   284 |   699 |  1597 |       |       |       |       ||  2821
       Longbow           |       |       |       |       |    76 |   535 |       |       |       ||   611
       Arbalest          |       |       |       |       |    16 |   777 |  1284 |  1498 |   935 ||  4510
Invok: Draw Destruction  |       |     2 |    12 |    18 |    17 |    21 |       |       |       ||    70
       Draw Summoning    |       |       |     1 |     4 |    10 |    10 |       |     1 |       ||    26
       Triple Draw       |       |       |       |     2 |       |       |     1 |     1 |       ||     4
       Draw Escape       |       |       |       |       |     3 |     1 |       |       |       ||     4
       Stack Five        |       |       |       |       |     1 |       |       |       |       ||     1
       Deal Four         |       |       |       |       |       |     2 |     3 |    12 |       ||    17
       Draw Stack        |       |       |       |       |       |       |       |     4 |       ||     4
       Divine Shield     |       |       |       |       |       |       |       |     1 |       ||     1
       Cleansing Flame   |       |       |       |       |       |       |       |       |    11 ||    11
Evoke: Wand              |       |       |       |     1 |     2 |       |     1 |     2 |       ||     6
  Use: Scroll            |     1 |     9 |     3 |     7 |     7 |    10 |     7 |    14 |     5 ||    63
       Potion            |       |     2 |     2 |     2 |       |     4 |     4 |     5 |     3 ||    22
 Stab: Sleeping          |       |       |       |       |       |       |       |     3 |       ||     3
Armor: Leather armour    |    12 |    24 |    27 |    20 |       |       |       |       |       ||    83
       Acid dragon scale |       |       |       |    54 |   137 |    36 |       |       |       ||   227
       Ice dragon scales |       |       |       |       |       |    37 |   142 |   355 |   155 ||   689
       Ring mail         |       |       |       |       |       |    66 |    42 |       |       ||   108
Dodge: Dodged            |    23 |    45 |   169 |   405 |   709 |   676 |   751 |  1410 |   852 ||  5040
Block: Other             |       |       |       |       |       |       |       |    20 |     1 ||    21

Table legend: (Time is in decaauts)
 A = Elapsed time spent in this place.
 B = Non-inter-level travel time spent in this place.
 C = Inter-level travel time spent in this place.
 D = Time resting spent in this place.
 E = Time spent auto-exploring this place.
 F = Levels seen in this place.
 G = Mean time per level.
                   A        B        C        D        E       F      G
               +--------+--------+--------+--------+--------+-----+--------+
         Total |  64746 |  58486 |   6260 |  12184 |  32694 |  53 | 1221.6 |
       Dungeon |  17327 |  15100 |   2227 |   2977 |   8880 |  15 | 1155.1 |
          Lair |   5223 |   4479 |    744 |    251 |   3235 |   5 | 1044.6 |
        Shoals |   4763 |   4366 |    397 |    363 |   3096 |   4 | 1190.8 |
     Snake Pit |   4566 |   4348 |    218 |    605 |   2887 |   4 | 1141.5 |
  Orcish Mines |   4053 |   3423 |    630 |    684 |   1514 |   2 | 2026.5 |
   Elven Halls |   5534 |   5204 |    330 |   2036 |   2166 |   3 | 1844.7 |
        Vaults |   8234 |   7388 |    846 |   1510 |   4033 |   5 | 1646.8 |
         Crypt |   4321 |   3988 |    333 |    765 |   2299 |   3 | 1440.3 |
          Tomb |   1157 |   1093 |     64 |    248 |    622 |   1 | 1157.0 |
        Depths |   5806 |   5401 |    405 |   1275 |   2660 |   4 | 1451.5 |
          Hell |    619 |    619 |      0 |     57 |    399 |   1 |  619.0 |
       Cocytus |    269 |    253 |     16 |      0 |    159 |   3 |   89.7 |
           Zot |    628 |    583 |     45 |      0 |    512 |   1 |  628.0 |
      Ice Cave |    522 |    522 |      0 |    317 |      0 |   1 |  522.0 |
        Wizlab |   1718 |   1718 |      0 |   1093 |    225 |   1 | 1718.0 |
               +--------+--------+--------+--------+--------+-----+--------+

Top non-repeatable levels by time:
   Orc:2: 3236 daAuts
 Crypt:3: 2876 daAuts
    D:15: 2788 daAuts
   Elf:3: 2652 daAuts
    D:14: 2345 daAuts
Vaults:3: 2334 daAuts
Depths:1: 2070 daAuts
   Elf:1: 1889 daAuts
Vaults:1: 1760 daAuts
  WizLab: 1718 daAuts
 Snake:4: 1624 daAuts
Vaults:2: 1535 daAuts
    D:12: 1531 daAuts
    D:10: 1519 daAuts
Depths:2: 1518 daAuts
